 Dungeon Sprint DCSS version 0.18.1-50-g88ac8fd (webtiles) character file.

1200000 negitausen the Conqueror (level 16, -48/175 HPs)
             Began as a Demonspawn Abyssal Knight on Sept 17, 2016.
             Was an Elder of Lugonu.
             Annihilated by a meat berserker
             ... wielding a +9 battleaxe
              (58 damage)
             ... in the Dungeon (Sprint VIII: "Arena of Blood").
             The game lasted 00:01:12 (12 turns).

negitausen the Conqueror (Demonspawn Abyssal Knight)  Turns: 12, Time: 00:01:14

Health: -48/175    AC:  7    Str: 19    XL:     16   Next: 57%
Magic:  3/32       EV: 24    Int: 15    God:    Lugonu [****..]
Gold:   0          SH:  0    Dex: 17    Spells: 0 memorised, 15 levels left

rFire  . . .     SeeInvis .     i - +∞ Axe of Woe
rCold  . . .     Gourm    .     a - +0 leather armour
rNeg   . . .     Faith    .     (shield currently unavailable)
rPois  .         Spirit   .     (no helmet)
rElec  .         Dismiss  .     (no cloak)
rCorr  .         Reflect  .     (no gloves)
SustAt .         Harm     .     (no boots)
MR     +....     NoTele   +     (no amulet)
Stlth  +++++.....               (no ring)
                                (no ring)

@: agile, somewhat resistant to hostile enchantments, quite stealthy
A: talons 2, rugged brown scales 2, nightstalker 3, powered by pain 1
a: Bend Space, Banish, Corrupt, Renounce Religion


You were in the Dungeon.
You worshipped Lugonu.
Lugonu was greatly pleased with you.
You were not hungry.

You visited 1 branch

Inventory:

Hand Weapons
 i - the +∞ Axe of Woe (weapon)
   (You found it in the Dungeon)
Armour
 a - a +0 leather armour (worn)
Scrolls
 h - a scroll of blinking
Potions
 c - a potion of curing
 d - a potion of heal wounds
 e - a potion of haste
 f - 2 potions of magic
 g - a potion of berserk rage
Comestibles
 b - a bread ration


   Skills:
 O Level 27 Fighting
 + Level 12.3 Axes
 + Level 21.1 Armour
 + Level 9.6 Dodging
 + Level 20.7 Unarmed Combat
 + Level 25.3 Invocations


You had 15 spell levels left.
You didn't know any spells.

Dungeon Overview and Level Annotations

Branches:
Dungeon (1/1)

Altars:
Makhleb


Innate Abilities, Weirdness & Mutations

You have razor-sharp toenails.
You are mostly covered in rugged brown scales (AC +2, +5% HP).
You are completely attuned to the shadows.
You sometimes gain a little power by taking damage.


Message History

You kill the bag of meat!
Lugonu accepts your kill.
You can now corrupt the fabric of space.
Your Axes skill increases to level 11!
Your Armour skill increases to level 20!
Your Invocations skill increases to level 24!
You have reached level 16!
You feel stronger.
Your demonic ancestry asserts itself...
Rugged brown scales spread over more of your body.
You hit the bag of meat.
You fatally mangle the bag of meat.
You kill the bag of meat!
Lugonu accepts your kill.
Your Axes skill increases to level 12!
Your Armour skill increases to level 21!
Your Dodging skill increases to level 9!
Your Unarmed Combat skill increases to level 20!
Your Invocations skill increases to level 25!
You hear a shout! x9
The meat berserker hits you with a +9 battleaxe!!!
You die...

..........
..........
......... .
#...O.o.# #..
#.......#
....###.... ..###.
.........###......
#.......)_......
.......#))@..#..
.......#_O<._#
.......#.o...#
.#..o....._......
.........###......
....###... ..###.
.Oo. #... ..# #...
.# ... ..


You could see a meat berserker (berserk) and a bag of meat.

Vanquished Creatures
  2 ogres (D)
  6 orcs (D)
8 creatures vanquished.

Notes
Turn   | Place    | Note
--------------------------------------------------------------
     0 | D        | negitausen the Demonspawn Abyssal Knight began the quest for the Orb.
     0 | D        | Reached XP level 1. HP: 18/18 MP: 2/2
     3 | D        | Noticed a bag of meat
     3 | D        | Noticed a bag of meat
     4 | D        | Noticed a bag of meat
     4 | D        | Noticed a bag of meat
     5 | D        | Noticed a bag of meat
     5 | D        | Noticed a meat berserker
     6 | D        | Noticed a bag of meat
     6 | D        | Noticed a meat berserker
     8 | D        | Noticed a bag of meat
     8 | D        | Killed a bag of meat
     8 | D        | Reached skill level 20 in Fighting
     8 | D        | Reached skill level 10 in Armour
     8 | D        | Reached skill level 10 in Unarmed Combat
     8 | D        | Gained mutation: You sometimes gain a little power by taking damage. [demonic ancestry]
     8 | D        | Reached XP level 2. HP: 52/52 MP: 2/9
     8 | D        | Gained mutation: You are partially covered in rugged brown scales (AC +1, +3% HP). [demonic ancestry]
     8 | D        | Reached XP level 3. HP: 52/60 MP: 2/10
     8 | D        | Gained mutation: You are slightly more attuned to the shadows. [demonic ancestry]
     8 | D        | Reached XP level 4. HP: 58/67 MP: 2/12
     8 | D        | Reached XP level 5. HP: 65/75 MP: 2/13
     8 | D        | Reached XP level 6. HP: 71/82 MP: 2/15
     8 | D        | Reached XP level 7. HP: 77/89 MP: 2/16
     8 | D        | Gained mutation: You are significantly more attuned to the shadows. [demonic ancestry]
     8 | D        | Reached XP level 8. HP: 83/96 MP: 2/17
     8 | D        | Gained mutation: You are completely attuned to the shadows. [demonic ancestry]
     8 | D        | Reached XP level 9. HP: 90/104 MP: 2/18
     8 | D        | Gained mutation: You have sharp toenails. [demonic ancestry]
     8 | D        | Reached XP level 10. HP: 96/111 MP: 2/19
     8 | D        | Reached XP level 11. HP: 102/118 MP: 2/20
     8 | D        | Killed a bag of meat
     8 | D        | Reached ** piety under Lugonu
     8 | D        | Reached skill level 23 in Fighting
     8 | D        | Reached XP level 12. HP: 115/133 MP: 2/23
    10 | D        | Killed a meat berserker
    10 | D        | Reached skill level 27 in Fighting
    10 | D        | Reached XP level 13. HP: 48/149 MP: 2/25
    10 | D        | Gained mutation: You have razor-sharp toenails. [demonic ancestry]
    10 | D        | Reached XP level 14. HP: 51/157 MP: 2/26
    11 | D        | Noticed a meat berserker
    11 | D        | Killed a meat berserker
    11 | D        | Reached *** piety under Lugonu
    11 | D        | Reached XP level 15. HP: 51/163 MP: 2/29
    12 | D        | Reached skill level 10 in Axes
    12 | D        | Reached **** piety under Lugonu
    12 | D        | Gained mutation: You are mostly covered in rugged brown scales (AC +2, +5% HP). [demonic ancestry]
    12 | D        | Reached XP level 16. HP: 9/175 MP: 3/32
    12 | D        | Annihilated by a meat berserker

Skill      XL: |  1  2  3  4  5  6  7  8  9 10 11 12 13 14 15 16 |
---------------+-------------------------------------------------+-----
Fighting       | 20 23 27 | 27.0
Armour         | 10 12 14 17 20 21 | 21.1
Dodging        | 4 6 8 9 |  9.6
Unarmed Combat | 10 12 14 16 19 20 | 20.7
Invocations    | 12 14 17 20 24 25 | 25.3
Axes           | 2 3 7 11 12 | 12.3

Action                   |  1- 3 |  4- 6 |  7- 9 | 10-12 | 13-15 | 16-18 || total
-------------------------+-------+-------+-------+-------+-------+-------++-------
Melee: Executioner's axe |     1 |       |       |     1 |     2 |       ||     4
